 Dungeon Crawl Stone Soup version 0.26-a0-812-g31a745ddcd (webtiles) character file.

Game seed: 17275348009231769752

2356 night the Martial Artist (level 9, -7/72 HPs)
             Began as a Demonspawn Monk on Dec 1, 2020.
             Was an Initiate of Gozag.
             Killed from afar by a raiju (21 damage)
             ... with a living lightning
             ... on level 2 of the Abyss.
             The game lasted 00:25:01 (8983 turns).

night the Martial Artist (Demonspawn Monk)          Turns: 8983, Time: 00:25:02

Health: -7/72      AC: 17    Str: 11    XL:     9   Next: 20%
Magic:  13/13      EV: 18    Int: 14    God:    Gozag
Gold:   606        SH:  0    Dex: 17    Spells: 12/13 levels left

rFire    . . .     SeeInvis .     - Unarmed
rCold    . . .     Faith    .   (no shield)
rNeg     . . .     Spirit   .   I - +0 steam dragon scales
rPois    .         Reflect  .   (helmet restricted)
rElec    .         Harm     .   q - +1 cloak
rCorr    .         Rampage  .   z - +0 pair of gloves
MR       .....                  D - +2 pair of boots
Stlth    ++........             (no amulet)
HPRegen  0.22/turn              k - ring of flight
MPRegen  0.13/turn              y - +4 ring of protection

@: agile, about to teleport
A: antennae 2, yellow scales 1, powered by pain 3
a: Potion Petition, Call Merchant, Bribe Branch, Renounce Religion, Evoke Flight


You were on level 2 of the Abyss.
You worshipped Gozag.
Gozag was pleased with you.
You visited 2 branches of the dungeon, and saw 8 of its levels.
You visited the Abyss 1 time.

You collected 1006 gold pieces.
You spent 400 gold pieces at shops.

Inventory:

Hand Weapons
 b - a +0 hunting sling
Missiles
 c - 17 stones
 d - 110 bolts
 e - 89 sling bullets
 g - 4 boomerangs
 i - 102 arrows
 p - 4 javelins
 B - 18 poisoned darts (quivered)
Armour
 q - a +1 cloak (worn)
 r - a +2 scale mail of fire resistance
 z - a +0 pair of gloves (worn)
 D - a +2 pair of boots (worn)
 H - a scarf of repulsion
 I - +0 steam dragon scales (worn)
 K - a +0 buckler
Jewellery
 k - a ring of flight (left hand)
 y - a +4 ring of protection (right hand)
 C - the ring "Likk" {+Fly rC++ MR- Dex-2 SInv, unknown}
   (You found it on level 5 of the Dungeon)

   [ring of flight]

   It affects your dexterity (-2).
   It greatly protects you from cold.
   It affects your resistance to hostile enchantments.
   It lets you see invisible.
   It lets you fly.
 J - an uncursed ring of positive energy
Wands
 t - a wand of iceblast (1)
 x - a wand of digging (6)
 A - a wand of acid (28)
 E - a wand of polymorph (2)
 G - a wand of enslavement (3)
Scrolls
 a - 3 scrolls of blinking {unknown}
 f - 22 scrolls of identify
 j - 5 scrolls of remove curse
 l - a scroll of enchant weapon {unknown}
 m - 3 scrolls of noise
 u - a scroll of teleportation
Potions
 h - a potion of haste
 n - a potion of attraction {unknown}
 o - 2 potions of berserk rage
 s - 5 potions of curing {unknown}
 v - a potion of cancellation {unknown}
 w - 2 potions of degeneration {unknown}
 F - a potion of ambrosia {unknown}


   Skills:
 + Level 7.5 Fighting
 - Level 2.6 Dodging
 - Level 1.7 Stealth
 * Level 8.9 Unarmed Combat
 + Level 2.6 Spellcasting
 + Level 2.9 Poison Magic


You had 12 spell levels left.
You knew the following spells:

 Your Spells              Type           Power        Failure   Level
a - Sting                 Tmut/Pois      #...         12%         1

Your spell library contained the following spells:

 Spells                   Type           Power        Failure   Level
 Poisonous Vapours        Pois/Air       #.....       19%         2
 Ignite Poison            Fire/Tmut/Pois #.......     41%         3
 Mephitic Cloud           Conj/Pois/Air  #.......     41%         3
 Gell's Gravitas          Tloc           #.........   54%         3
 Portal Projectile        Hex/Tloc       #.....       54%         3
 Olgreb's Toxic Radiance  Pois           ##......     54%         4
 Dispersal                Tloc           #.........   100%        6
 Chain Lightning          Conj/Air       #.........   100%        8
 Disjunction              Tloc           #.........   100%        8
 Lehudib's Crystal Spear  Conj/Erth      #.........   100%        8
 Absolute Zero            Ice            #.........   100%        9
 Fire Storm               Conj/Fire      #.........   100%        9


Dungeon Overview and Level Annotations

Branches:
Dungeon (7/15)             Temple (1/1) D:5

Altars:
Ashenzari
Cheibriados
Dithmenos
Elyvilon
Fedhas
Gozag
Hepliaklqana
Kikubaaqudgha
Makhleb
Nemelex Xobeh
Okawaru
Qazlal
Ru
Sif Muna
Trog
Uskayaw
Vehumet
Wu Jian
Xom
Yredelemnul
Zin
The Shining One

Shops:
D:4 :


Innate Abilities, Weirdness & Mutations

You have a pair of antennae on your head.
You are partially covered in yellow scales. (AC +2)
You are powered by pain.


Message History

The raiju blinks!
A large abomination comes into view.
A raiju comes into view.
A flying skull comes into view.
The raiju bursts into living lightning!
The living lightning hits the raiju.
The raiju completely resists.
The living lightning misses you.
The raiju blinks!
The raiju bites you but does no damage.
The orange demon screeches!
The raiju bursts into living lightning!
The living lightning hits you!!
* * * LOW HITPOINT WARNING * * *
The raiju blinks!
The raiju bursts into living lightning!
The living lightning misses you.
The raiju blinks!
The flying skull gives a hideous shriek!
You hear a hideous shriek! x4
The raiju bursts into living lightning!
The living lightning hits you!!
You die...
Your body crumbles into a pile of gold.

!.......#.....#..
######.#.#..........
)..........#. .. # . .
..........# #...# . ###
##.'...## #h## #. ....
#..z#.h.## §h.###.
.....#...hh...# .. .# ..
.......∩.#....§.........
.
....#.@.#....#.....#...
..#....h'....###...###..
..........4.## ##.## .
.###...###...###...## .
#.....#.....#.. ..#. .
......................
..#...).#.....#. ..#. .
........)....... . . .
##. ##z ##. #..##


You could see an orange demon, 4 raiju and a flying skull.

Vanquished Creatures
  Prince Ribbit (D:6)
  Eustachio (D:4)
  2 ice beasts
  A sky beast (D:5)
  3 phantoms
  2 ogres
  2 centaurs (D:7)
  A bullfrog (D:6)
  Blork the orc (D:4)
  A big kobold (D:7)
  2 gnoll sergeants (D:7)
  A water moccasin skeleton (D:4)
  A howler monkey (D:6)
  A quasit (D:7)
  A bullfrog zombie (D:4)
  4 hounds
  A jelly (D:7)
  2 bullfrog skeletons
  A gnoll shaman (D:7)
  2 orc wizards
  4 worker ants
  A killer bee zombie (D:5)
  A hound zombie (D:5)
  9 gnolls
  4 adders
  A white imp (D:6)
  2 oozes
  A worm (D:3)
  4 dart slugs
  4 leopard geckos
  17 orcs
  8 giant cockroaches
  6 goblins
  12 hobgoblins
  4 jackals (D:1)
  13 kobolds
  4 quokkas
  A ball python (D:1)
  7 bats
  4 frilled lizards
  6 rats
144 creatures vanquished.

Vanquished Creatures (others)
  An orc wizard (D:7)
  9 plants (D:7)
10 creatures vanquished.

Grand Total: 154 creatures vanquished

Notes
Turn   | Place    | Note
-------+----------+-------------------------------------------
     0 | D:1      | night the Demonspawn Monk began the quest for the Orb.
     0 | D:1      | Reached XP level 1. HP: 18/18 MP: 1/1
   528 | D:1      | Reached skill level 3 in Unarmed Combat
   529 | D:1      | Gained mutation: You sometimes gain a little power by
                  | taking damage. [demonic ancestry]
   529 | D:1      | Reached XP level 2. HP: 23/24 MP: 2/2
   573 | D:1      | HP: 3/24 [jackal (3)]
  1220 | D:1      | Gained mutation: You sometimes gain power by taking damage.
                  | [demonic ancestry]
  1220 | D:1      | Reached XP level 3. HP: 22/29 MP: 3/3
  1537 | D:2      | Noticed a phantom
  1583 | D:2      | Killed a phantom
  1583 | D:2      | Reached skill level 4 in Unarmed Combat
  1583 | D:2      | Gained mutation: You are powered by pain. [demonic
                  | ancestry]
  1583 | D:2      | Reached XP level 4. HP: 18/38 MP: 4/4
  2132 | D:2      | Reached XP level 5. HP: 29/43 MP: 5/5
  3846 | D:4      | Noticed a phantom
  4000 | D:3      | Killed a phantom
  4000 | D:3      | Reached skill level 5 in Fighting
  4000 | D:3      | Reached skill level 5 in Unarmed Combat
  4000 | D:3      | Gained mutation: You are partially covered in yellow
                  | scales. (AC +2) [demonic ancestry]
  4000 | D:3      | Reached XP level 6. HP: 18/51 MP: 6/6
  4238 | D:4      | Found Foinoviv's Book Shoppe.
  4422 | D:4      | Found a broken altar of Ashenzari.
  4461 | D:4      | Noticed Blork the orc
  4467 | D:4      | Killed Blork the orc
  4810 | D:4      | Noticed Eustachio
  4920 | D:4      | Killed Eustachio
  4920 | D:4      | Reached skill level 6 in Unarmed Combat
  4920 | D:4      | Gained mutation: You have a pair of small antennae on your
                  | head. [demonic ancestry]
  4920 | D:4      | Reached XP level 7. HP: 16/57 MP: 7/7
  4928 | D:5      | Entered Level 5 of the Dungeon
  5152 | D:5      | Found a staircase to the Ecumenical Temple.
  5173 | Temple   | Entered the Ecumenical Temple
  5180 | Temple   | Became a worshipper of Gozag Ym Sagoz the Greedy
  5218 | D:5      | Found a white marble altar of Elyvilon.
  5218 | D:5      | Found a shimmering blue altar of Sif Muna.
  5229 | D:5      | Found a bloodstained altar of Trog.
  5229 | D:5      | Found a sparkling altar of Nemelex Xobeh.
  5231 | D:5      | Found a stormy altar of Qazlal.
  5231 | D:5      | Found a glowing silver altar of Zin.
  5232 | D:5      | Found a basalt altar of Yredelemnul.
  5464 | D:5      | Got a vibrating copper ring
  5666 | D:5      | Reached skill level 7 in Unarmed Combat
  5784 | D:5      | Gained mutation: You have a pair of antennae on your head.
                  | [demonic ancestry]
  5784 | D:5      | Reached XP level 8. HP: 65/65 MP: 8/8
  6913 | D:4      | Bought a Young Poisoner's Handbook for 400 gold pieces
  6915 | D:4      | Learned a level 1 spell: Sting
  7194 | D:6      | Reached skill level 8 in Unarmed Combat
  7194 | D:6      | Reached skill level 1 in Poison Magic
  7254 | D:6      | Noticed Prince Ribbit
  7450 | D:6      | Reached skill level 1 in Spellcasting
  7562 | D:6      | Killed Prince Ribbit
  7897 | D:6      | Noticed Maggie
  7900 | D:6      | Noticed Maggie
  7900 | D:6      | Maggie changed into Maggie the leopard gecko
  7903 | D:6      | Killed Maggie the leopard gecko
  8191 | D:7      | Reached skill level 2 in Poison Magic
  8252 | D:7      | Reached skill level 2 in Spellcasting
  8444 | D:7      | Reached XP level 9. HP: 72/72 MP: 4/12
  8905 | D:7      | Cast into level 2 of the Abyss (gnoll sergeant)
  8965 | Abyss:2  | Noticed an orange demon
  8978 | Abyss:2  | Noticed a large abomination
  8983 | Abyss:2  | Killed from afar by a raiju

Illustrated notes

Levels and vault maps discovered:
D:1:      dpeg_arrival_shrine, layout_basic, skrybe_limestone_x
D:2:      layout_basic
D:3:      layout_basic
D:4:      layout_loops_ring, serial_shops, shop, grunt_ministairs_15,
          evilmike_ruin_ashenzari, uniq_eustachio, uniq_blork_the_orc
D:5:      layout_loops_ring, grunt_temple_overflow_open,
          minmay_temple_entry_statues_fountains
D:6:      layout_loops_ring, uniq_maggie, uniq_prince_ribbit1
D:7:      kennysheep_housing_project, layout_loops_ring
Temple:   nicolae_temple_no_exploring_needed
Abyss:2:  base:
Temple

Skill      XL: |  1  2  3  4  5  6  7  8 |
---------------+-------------------------+-----
Unarmed Combat | 3 4 5 6 7 8 |  8.9
Fighting       | 4 5 6 7 |  7.5
Poison Magic   | 2 |  2.9
Spellcasting   | 2 |  2.6
Dodging        | |  2.6
Stealth        | |  1.7

Action                   |  1- 3 |  4- 6 |  7- 9 || total
-------------------------+-------+-------+-------++-------
Melee: Unarmed           |   101 |   274 |   289 ||   664
       Punch             |     3 |     8 |    10 ||    21
 Fire: Hunting sling     |       |    18 |       ||    18
Throw: Stone             |     3 |       |       ||     3
       Boomerang         |    42 |    24 |    13 ||    79
       Dart              |       |       |    13 ||    13
 Cast: Sting             |       |       |    56 ||    56
Evoke: Wand              |       |     7 |     4 ||    11
  Use: Potion            |     1 |       |       ||     1
       Scroll            |       |     7 |     1 ||     8
 Stab: Sleeping          |       |     2 |       ||     2
Armor: Robe              |     6 |       |       ||     6
       Ring mail         |    14 |    31 |       ||    45
       Scale mail        |       |    89 |    88 ||   177
       Steam dragon scal |       |       |    48 ||    48
Dodge: Dodged            |    67 |   125 |   169 ||   361

Table legend: (Time is in decaauts)
 A = Elapsed time spent in this place.
 B = Non-inter-level travel time spent in this place.
 C = Inter-level travel time spent in this place.
 D = Time resting spent in this place.
 E = Time spent auto-exploring this place.
 F = Levels seen in this place.
 G = Mean time per level.
                   A        B        C        D        E       F      G
               +--------+--------+--------+--------+--------+-----+--------+
         Total |   8917 |   8666 |    251 |   2316 |   4331 |   9 |  990.8 |
       Dungeon |   8824 |   8579 |    245 |   2316 |   4331 |   7 | 1260.6 |
        Temple |     15 |      9 |      6 |      0 |      0 |   1 |   15.0 |
         Abyss |     77 |     77 |      0 |      0 |      0 |   1 |   77.0 |
               +--------+--------+--------+--------+--------+-----+--------+

Top non-repeatable levels by time:
     D:4: 1695 daAuts
     D:1: 1512 daAuts
     D:3: 1267 daAuts
     D:2: 1263 daAuts
     D:6: 1180 daAuts
     D:5: 1156 daAuts
     D:7: 748 daAuts
 Abyss:2: 77 daAuts
  Temple: 15 daAuts
